 Dungeon Crawl Stone Soup version 0.31.0-4-g52a2dc7128 (webtiles) character file.

Game seed: 13078853511672031591

51 BeingJoeMalik the Grave Robber (level 3, -4/19 HPs)
             Began as a Deep Elf Necromancer on Jan 23, 2024.
             Slain by a gnoll
             ... wielding a +0 whip
              (7 damage)
             ... on level 2 of the Dungeon.
             The game lasted 00:02:47 (1201 turns).

BeingJoeMalik the Grave Robber (DENe)               Turns: 1201, Time: 00:02:48

Health: -4/19      AC:  3    Str:  7    XL:     3   Next: 58%
Magic:  0/9        EV: 12    Int: 19    God:
Gold:   69         SH:  0    Dex: 15    Spells: 7/8 levels left

rFire   . . .        (no weapon)
rCold   . . .        (no shield)
rNeg    . . .        a - +0 robe
rPois   .            (no helmet)
rElec   .            (no cloak)
rCorr   .            c - +0 pair of gloves
SInv    .            (no boots)
Will    .....        (no amulet)
Stlth   ++           (no ring)
HPRegen 0.23/turn    (no ring)
MPRegen 0.11/turn

%: no passive effects
@: no status effects
A: no striking features
a: no special abilities


You were on level 2 of the Dungeon.
You visited 1 branch of the dungeon, and saw 2 of its levels.

You collected 69 gold pieces.

Inventory:

Armour
 a - a +0 robe (worn)
 c - a +0 pair of gloves (worn)
Scrolls
 d - a scroll of identify
 e - a scroll of teleportation
 f - a scroll of silence {unknown}
Potions
 b - a potion of magic


   Skills:
 - Level 2.4 Dodging
 - Level 2.4 Stealth
 - Level 3.0 Spellcasting
 + Level 6.5 Necromancy


You had 7 spell levels left.
You knew the following spells:

 Your Spells              Type           Power      Damage    Failure   Level
a - Necrotise             Necr           100%       1d9       1%          1

Your spell library contained the following spells:

 Spells                   Type           Power      Damage    Failure   Level
 Vampiric Draining        Necr           27%        2d7       3%          3
 Animate Dead             Necr           27%        N/A       11%         4
 Curse of Agony           Necr           27%        N/A       28%         5


Dungeon Overview and Level Annotations

Branches:
Dungeon (2/15)

Altars:


Message History

Aiming: Necrotise (safe; 1% risk of failure)
Press: ? - help, Shift-Dir - straight line, f/p - gnoll
Aim: a gnoll, wielding a +0 halberd (almost dead, chance to affect: 88%)
The gnoll barely resists.
The gnoll barely misses you.
Unknown command.
Casting: Necrotise (safe; 1% risk of failure)
Confirm with . or Enter, or press ? or * to list all spells.
Aiming: Necrotise (safe; 1% risk of failure)
Press: ? - help, Shift-Dir - straight line, f/p - gnoll
Aim: a gnoll, wielding a +0 halberd (almost dead, chance to affect: 88%)
The gnoll writhes in agony.
You kill the gnoll!
You hear a splash. x2
The dead are walking!
The gnoll closely misses you.
Casting: Necrotise (safe; 1% risk of failure)
Confirm with . or Enter, or press ? or * to list all spells.
Aiming: Necrotise (safe; 1% risk of failure)
Press: ? - help, Shift-Dir - straight line, f - gnoll
Aim: a gnoll, wielding a +0 whip (lightly wounded, ally target, chance to affect: 88%)
The gnoll writhes in agony!
The gnoll hits you with a +0 whip!
* * * LOW HITPOINT WARNING * * *
Unknown command.
Casting: Necrotise (safe; 1% risk of failure)
Confirm with . or Enter, or press ? or * to list all spells.
You don't have enough magic to cast this spell.
Casting: Necrotise (safe; 1% risk of failure)
Confirm with . or Enter, or press ? or * to list all spells.
You don't have enough magic to cast this spell.
Unknown command.
Unknown command.
Okay, then.
Unknown command.
As you read the scroll labelled WEITSIFI JOZIST, it crumbles to dust.
It is a scroll of identify.
e - a scroll of teleportation The gnoll closely misses you.
You hit the gnoll.
The gnoll is severely wounded.
The gnoll hits you with a +0 whip!
You die...

### .. #.# #.. >..
#.# #.# #.# ### #.#
#.# #.# #≈# #.# #
##.## #.# ##≈# #.#
#.#...###.###≈≈###.#
#......##.#..≈≈.##.#
#...)...<÷#.~≈≈.##.#
##.....#..Zg@)~....#
##...###.$..≈~.[..#
##..# ##...~~..###
##.# #.~~~≈..# #.#
#..~~.~.# #.#
#~..~~..# #.#
#..~~≈.~# #~~..≈~~#
#...~~.~#


You could see a gnoll (ally target) and a friendly gnoll skeleton.

Vanquished Creatures
  2 gnolls (D:2)
  A dart slug (D:2)
  A bat (D:2)
  A giant cockroach (D:1)
  2 goblins (D:1)
  5 hobgoblins (D:1)
  3 kobolds
  2 ball pythons
  2 frilled lizards (D:1)
  5 rats
24 creatures vanquished.

Vanquished Creatures (collateral kills)
  A dart slug (D:1)
  A bat (D:2)
  2 endoplasms (D:1)
  A ball python (D:1)
5 creatures vanquished.

Grand Total: 29 creatures vanquished

Notes
Turn   | Place    | Note
-------+----------+-------------------------------------------
     0 | D:1      | BeingJoeMalik the Deep Elf Necromancer began the quest for
                  | the Orb.
     0 | D:1      | Reached XP level 1. HP: 10/10 MP: 6/6
    39 | D:1      | Reached skill level 5 in Necromancy
   172 | D:1      | Reached XP level 2. HP: 15/15 MP: 1/8
   867 | D:2      | Reached skill level 6 in Necromancy
   874 | D:2      | Reached XP level 3. HP: 19/19 MP: 5/9
  1201 | D:2      | Slain by a gnoll

Illustrated notes

Levels and vault maps discovered:
D:1:      minmay_arrival_jagged, layout_rooms, serial_forest,
          infiniplex_forest_clump_double, infiniplex_forest_end_2,
          infiniplex_forest_end_2, infiniplex_forest_straight_4,
          infiniplex_forest_straight_2, hangedman_glass_teeth
D:2:      layout_loops_ring, serial_rivers, chequers_serial_rivers_micro_b,
          chequers_serial_rivers_small_3, chequers_serial_rivers_small_3,
          chequers_serial_rivers_micro_a, minmay_bisected

Skill      XL: |  1  2 |
---------------+-------+-----
Necromancy     | 5 6 |  6.5
Dodging        | |  2.4
Stealth        | |  2.4
Spellcasting   | |  3.0

Action                     || total
---------------------------++-------
  Melee: Unarmed           ||     1
   Cast: Necrotise         ||    47
    Use: Scroll            ||     1
 Armour: Robe              ||     6
  Dodge: Dodged            ||     6
